 Dungeon Crawl Stone Soup version 0.28-a0-1002-gf00fe891ef (webtiles) character file.

Game seed: 17974223631180280808

74 ytrimaz the Insei (level 4, -2/29 HPs)
             Began as an Octopode Transmuter on Dec 7, 2021.
             Was a Believer of Jiyva.
             Slain by a kobold (4 damage)
             ... in a sewer.
             The game lasted 00:02:40 (2079 turns).

ytrimaz the Insei (Octopode Transmuter)             Turns: 2079, Time: 00:02:41

Health: -2/29      AC:  1    Str:  9    XL:     4   Next: 28%
Magic:  7/7        EV: 13    Int: 17    God:    Jiyva [**....]
Gold:   105        SH:  0    Dex: 12    Spells: 4/8 levels left

rFire   . . .      SeeInvis .     - Unarmed
rCold   . . .      Faith    .   (no shield)
rNeg    . . .      Spirit   .   (helmet restricted)
rPois   .          Reflect  .   (no amulet)
rElec   .          Harm     .   (no ring)
rCorr   +          Rampage  .   (no ring)
Will    .....                   (no ring)
Stlth   +++.......              (no ring)
HPRegen 1.05/turn               (no ring)
MPRegen 0.40/turn               (no ring)
                                (no ring)
                                (no ring)

@: no status effects
A: almost no armour, amphibious, 8 rings, camouflage 1, gelatinous body 1,
nimble swimmer 1, tentacles
a: Renounce Religion


You were in a sewer.
You worshipped Jiyva.
Jiyva was pleased with you.
You visited 1 branch of the dungeon, and saw 3 of its levels.
You also visited: Sewer.

You collected 105 gold pieces.

Inventory:

Scrolls
 c - a scroll of teleportation
 g - a scroll of amnesia
Potions
 a - a potion of brilliance
 e - 2 potions of curing {unknown}
 f - a potion of lignification {unknown}


   Skills:
 * Level 1.9 Fighting
 - Level 2.0 Dodging
 + Level 3.8 Unarmed Combat
 * Level 2.6 Spellcasting
 * Level 2.6 Transmutations


You had 4 spell levels left.
You knew the following spells:

 Your Spells              Type           Power      Damage    Failure   Level
a - Beastly Appendage     Tmut           22%        N/A       6%          1
b - Spider Form           Tmut/Pois      6%         N/A       32%         3

Your spell library contained the following spells:

 Spells                   Type           Power      Damage    Failure   Level
 Wereblood                Tmut           11%        N/A       10%         2
 Animate Skeleton         Necr           4%         N/A       19%         1
 Pain                     Necr           8%         1d4       19%         1
 Ignite Poison            Fire/Tmut/Pois 5%         N/A       36%         3
 Mephitic Cloud           Conj/Pois/Air  2%         N/A       50%         3
 Summon Guardian Golem    Hex/Summ       2%         N/A       50%         3
 Vampiric Draining        Necr           2%         2d6       50%         3
 Ice Form                 Ice/Tmut       6%         N/A       71%         4
 Borgnjor's Vile Clutch   Necr/Erth      1%         N/A       99%         5
 Orb of Destruction       Conj           1%         N/A       100%        7
 Spellforged Servitor     Conj/Summ      1%         N/A       100%        7


Dungeon Overview and Level Annotations

Branches:
Dungeon (3/15)              Sewer (1/1)

Altars:
Jiyva


Innate Abilities, Weirdness & Mutations

You cannot wear most types of armour.
You are amphibious.
You can wear up to eight rings at the same time.
Your skin changes colour to match your surroundings (Stealth+).
Your rubbery body absorbs attacks. (AC +1, EV +1)
You are camouflaged near water. (Stealth+)
You have tentacles for arms and can constrict up to eight enemies at once.


Message History

The jackal bites you but does no damage.
The kobold brigand splashes around in the water.
The kobold misses you. x2
The kobold hits you with a +0 short sword.
The jackal barely misses you.
The kobold brigand splashes around in the water.
The kobold hits you but does no damage. The jackal bites you.
You barely miss the kobold brigand. You grab the kobold brigand.
You pierce the kobold brigand.
The kobold brigand is lightly wounded.
You constrict the kobold brigand, but do no damage.
The jackal bites you but does no damage.
The kobold brigand barely misses you. The kobold hits you with a +0 dagger.
Unknown command.
You bludgeon the kobold brigand!
The kobold brigand is heavily wounded.
You constrict the kobold brigand.
The jackal splashes around in the water.
The kobold closely misses you. The kobold brigand closely misses you.
The kobold hits you with a +0 dagger. The jackal barely misses you.
Unknown command.
You bludgeon the kobold brigand!
The kobold brigand is almost dead.
Your tentacle spike disappears.
You constrict the kobold brigand. The kobold barely misses you.
The jackal misses you.
The kobold brigand hits you with a +0 whip.
* * * LOW HITPOINT WARNING * * *
The kobold hits you with a +0 dagger.
* * * LOW HITPOINT WARNING * * *
Unknown command.
It was a potion of cancellation.
Your magical effects are unravelling.
You feel magically purged.
You feel a little less mighty now.
You constrict the kobold brigand, but do no damage.
The jackal bites you.
* * * LOW HITPOINT WARNING * * *
The kobold hits you with a +0 club.
You die...

....## ...≈. ...≈≈
.... ... ####.####
#.KK≈≈..# #.KKh≈..#
#≈K@≈≈≈.# #.≈≈≈≈≈≈#
#≈≈≈≈≈≈.# #.≈≈≈≈≈.#
#.≈≈≈≈≈≈#
#.≈≈≈≈≈.############
#≈.≈≈≈≈≈≈≈≈≈≈≈≈≈≈≈≈≈
#..≈≈≈..############
##.≈≈≈.##


You could see a kobold brigand, a jackal and 4 kobolds.

Vanquished Creatures
  An adder (D:2)
  2 river rats
  4 worms (D:3)
  A dart slug (D:1)
  2 ball pythons (D:1)
  A bat (D:1)
  2 endoplasms (D:1)
  3 giant cockroaches
  6 goblins
  A hobgoblin (D:1)
  A jackal (Sewer)
  2 kobolds
  7 rats
33 creatures vanquished.

Vanquished Creatures (others)
  An adder (D:2)
  An endoplasm (D:3)
  A giant cockroach (D:2)
  A hobgoblin (D:3)
  2 goblins
  3 rats
9 creatures vanquished.

Grand Total: 42 creatures vanquished

Notes
Turn   | Place    | Note
-------+----------+-------------------------------------------
     0 | D:1      | ytrimaz the Octopode Transmuter began the quest for the
                  | Orb.
     0 | D:1      | Reached XP level 1. HP: 13/13 MP: 3/3
    29 | D:1      | Got the Incunabulum of Earth and Venom
   415 | D:1      | Reached XP level 2. HP: 14/18 MP: 3/5
  1060 | D:1      | Found a faded altar of an unknown god.
  1069 | D:1      | Prayed at the altar of an unknown god.
  1069 | D:1      | Became a worshipper of Jiyva Johe the Shapeless
  1069 | D:1      | Reached * piety under Jiyva
  1183 | D:2      | Reached XP level 3. HP: 23/23 MP: 6/6
  1187 | D:2      | Learned a level 3 spell: Spider Form
  1599 | D:2      | Reached ** piety under Jiyva
  1935 | D:3      | Found a glowing drain.
  1966 | D:3      | Reached XP level 4. HP: 29/29 MP: 7/7
  1979 | Sewer    | Entered a sewer
  2066 | Sewer    | Noticed a kobold brigand
  2079 | Sewer    | Slain by a kobold

Illustrated notes

Levels and vault maps discovered:
D:1:      evilmike_arrival_hilbert_curve, layout_basic,
          ebering_ecumenical_altar_mist
D:2:      layout_basic
D:3:      layout_rooms, lightli_sewer_entry_pipes, grunt_ministairs_1,
          uniq_natasha
Sewer:    sewer_kobolds

Action                   |  1- 3 |  4- 6 || total
-------------------------+-------+-------++-------
Melee: Unarmed           |    63 |    22 ||    85
       Tentacles         |    15 |     1 ||    16
       Kick              |    11 |     1 ||    12
       Constrict         |    16 |     1 ||    17
 Cast: Beastly Appendage |    11 |     2 ||    13
       Spider Form       |       |     1 ||     1
  Use: Scroll            |     4 |       ||     4
       Potion            |     1 |     2 ||     3
 Stab: Sleeping          |    10 |       ||    10
Armor: Skin              |     3 |     4 ||     7
Dodge: Dodged            |    27 |    29 ||    56

Table legend: (Time is in decaauts)
 A = Elapsed time spent in this place.
 B = Non-inter-level travel time spent in this place.
 C = Inter-level travel time spent in this place.
 D = Time resting spent in this place.
 E = Time spent auto-exploring this place.
 F = Levels seen in this place.
 G = Mean time per level.
                   A        B        C        D        E       F      G
               +--------+--------+--------+--------+--------+-----+--------+
         Total |   2073 |   2022 |     51 |     43 |   1642 |   4 |  518.2 |
       Dungeon |   1974 |   1923 |     51 |     43 |   1583 |   3 |  658.0 |
         Sewer |     98 |     98 |      0 |      0 |     59 |   1 |   98.0 |
               +--------+--------+--------+--------+--------+-----+--------+

Top non-repeatable levels by time:
     D:1: 1177 daAuts
     D:2: 636 daAuts
     D:3: 160 daAuts
   Sewer: 98 daAuts
